 Dungeon Crawl Stone Soup version 0.31.0-11-ge490571c62 (webtiles) character file.

Game seed: 10015592645433354218

373 qw the Skirmisher (level 6, -2/36 HPs)
             Began as a Deep Elf Hunter on Feb 5, 2024.
             Incinerated by a bombardier beetle (6 damage)
             ... with a burning spray
             ... on level 4 of the Dungeon.
             The game lasted 00:00:57 (2573 turns).

qw the Skirmisher (Deep Elf Hunter)                 Turns: 2573, Time: 00:00:57

Health: -2/36      AC: 10    Str: 10    XL:     6   Next: 43%
Magic:  8/8        EV:  9    Int: 14    God:
Gold:   111        SH:  0    Dex: 18    Spells: 5/5 levels left

rFire   . . .        a - +0 shortbow (drain)
rCold   + . .        (shield currently unavailable)
rNeg    . . .        f - +3 scale mail
rPois   .            (no helmet)
rElec   .            (no cloak)
rCorr   .            (no gloves)
SInv    +            l - +0 pair of boots
Will    .....        (no amulet)
Stlth   +            b - ring of see invisible
HPRegen 0.26/turn    j - ring of protection from cold
MPRegen 0.11/turn

%: no passive effects
@: on fire, glowing
A: no striking features
a: no special abilities


You were on level 4 of the Dungeon.
You visited 1 branch of the dungeon, and saw 4 of its levels.

You collected 199 gold pieces.
You spent 88 gold pieces at shops.


   Skills:
 - Level 2.4 Fighting
 + Level 9.6 Ranged Weapons
 - Level 1.0 Armour
 - Level 2.4 Dodging
 - Level 1.2 Stealth


You had 5 spell levels left.
You didn't know any spells.
Your spell library was empty.

Inventory:

Hand Weapons
 a - a +0 shortbow of draining (weapon)
Armour
 f - a +3 scale mail (worn)
 l - a +0 pair of boots (worn)
Jewellery
 b - a ring of see invisible (left hand)
 j - a ring of protection from cold (right hand)
Scrolls
 c - a scroll of fog {unknown}
Potions
 e - a potion of curing
 m - a potion of attraction {unknown}

Dungeon Overview and Level Annotations

Branches:
Dungeon (4/15)
 Temple: D:4-7

Altars:
Nemelex Xobeh

Shops:
D:3 !


Message History

You shoot an arrow. The arrow barely misses the hobgoblin.
You shoot an arrow. The arrow hits the hobgoblin!
You kill the hobgoblin!
There is an open door here.
There is an open door here.
You open the door.
A bombardier beetle comes into view.
You shoot an arrow. The arrow hits the bombardier beetle.
The bombardier beetle is moderately wounded.
The bombardier beetle sprays incendiary fluid at you.
The burning spray hits you.
You are covered in liquid fire!
You shoot an arrow. The arrow hits the bombardier beetle.
The bombardier beetle is severely wounded.
The liquid fire burns you!
You shoot an arrow.
The arrow hits the bombardier beetle but does no damage.
The bombardier beetle is severely wounded.
The liquid fire burns you!
You shoot an arrow. The arrow hits the bombardier beetle.
You drain the bombardier beetle.
You kill the bombardier beetle!
The liquid fire burns you!
You are on fire!
The liquid fire burns you!
You are on fire!
The liquid fire burns you!
You are on fire!
The liquid fire burns you!
You are on fire!
The liquid fire burns you!
You are on fire!
The liquid fire burns you!
You are on fire!
The liquid fire burns you!
You are on fire!
The liquid fire burns you!
You are on fire!
The liquid fire burns you!
You die...

.....#......#
.....#......#
.....'......#
.....#......#
######......##### ###
#..).......##...## ....
#..........#.....# .....
#..........#.....#......
#[.........#....@'......
#..........#.....#......
#..........'.....# .....
#..........#'##### ....
#.....######.# ###
#.....#......#
#.....#......#
#.....#......#
#.....#...####


There were no monsters in sight!

Vanquished Creatures
  A phantom (D:4)
  2 jellies
  A bombardier beetle (D:4)
  2 orc priests
  An orc wizard (D:4)
  5 adders
  2 dart slugs (D:1)
  3 ribbon worms (D:2)
  4 orcs
  8 ball pythons
  2 endoplasms
  2 giant cockroaches
  6 goblins
  8 hobgoblins
  4 quokkas
  6 bats
  6 frilled lizards
  8 kobolds
  6 rats
77 creatures vanquished.

Notes
Turn   | Place    | Note
-------+----------+-------------------------------------------
     0 | D:1      | qw the Deep Elf Hunter began the quest for the Orb.
     0 | D:1      | Reached XP level 1. HP: 12/12 MP: 3/3
     0 | D:1      | 0 ||| qw: Version: 0.3-a-160-g6735b56
     0 | D:1      | 0 ||| qw: Game counter: 6355
     0 | D:1      | 0 ||| qw: Melee chars always use a shield: true
     0 | D:1      | 0 ||| qw: God list: Okawaru
     0 | D:1      | 0 ||| qw: Allow faded altars: false
     0 | D:1      | 0 ||| qw: Do Orc after clearing Dungeon:15 true
     0 | D:1      | 0 ||| qw: Do second Lair branch before Depths: true
     0 | D:1      | 0 ||| qw: Lair rune preference: random
     0 | D:1      | 0 ||| qw: Goals: Normal
     0 | D:1      | 0 ||| PLANNING D:1-11
   177 | D:1      | Reached XP level 2. HP: 10/16 MP: 4/4
   215 | D:1      | Reached skill level 6 in Ranged Weapons
   447 | D:1      | Found a faded altar of an unknown god.
   713 | D:1      | 713 ||| UPGRADING to +3 scale mail.
   723 | D:1      | 723 ||| DROPPING +0 leather armour.
   724 | D:1      | 724 ||| READING scroll labelled TOSCHA SIUBB.
   724 | D:1      | 724 ||| BRANDING +0 shortbow.
   725 | D:1      | 725 ||| READING scroll labelled COTWIGRIN.
   726 | D:1      | 726 ||| READING scroll labelled KIKAKK ETAINGE.
   726 | D:1      | 726 ||| ENCHANTING +0 shortbow of draining.
   727 | D:1      | 727 ||| READING 2 scrolls labelled WIMUDA MUEZAXU.
   728 | D:1      | 728 ||| READING scroll labelled JUMMEO DYUNLE.
   829 | D:1      | 829 ||| READING scroll labelled REFEUTYEMIO.
   830 | D:1      | 830 ||| DROPPING scroll of butterflies.
   831 | D:1      | 831 ||| DROPPING scroll of revelation.
   880 | D:2      | Reached XP level 3. HP: 15/20 MP: 5/5
   989 | D:2      | Found a sparkling altar of Nemelex Xobeh.
   998 | D:2      | Reached skill level 7 in Ranged Weapons
  1526 | D:2      | 1526 ||| UPGRADING to ring of see invisible.
  1527 | D:2      | 1527 ||| READING 2 scrolls labelled PUGIHU ZAUS.
  1527 | D:2      | 1527 ||| IDENTIFYING inky potion
  1689 | D:3      | Found Obberoec's Distillery.
  1697 | D:3      | 1697 ||| BUYING potion of curing (33 gold).
  1697 | D:3      | Bought a potion of curing for 33 gold pieces
  1697 | D:3      | 1697 ||| BUYING potion of heal wounds (55 gold).
  1697 | D:3      | Bought a potion of heal wounds for 55 gold pieces
  1697 | D:3      | 1697 ||| SHOPLISTING potion of resistance (110 gold, have
                  | 31).
  1731 | D:3      | Reached XP level 4. HP: 25/25 MP: 6/6
  1735 | D:3      | 1735 ||| RETREEEEATING.
  1741 | D:3      | Reached skill level 8 in Ranged Weapons
  1769 | D:3      | Reached XP level 5. HP: 29/29 MP: 7/7
  2267 | D:3      | 2267 ||| UPGRADING to +0 pair of boots.
  2272 | D:3      | 2272 ||| UPGRADING to ring of protection from cold.
  2273 | D:3      | 2273 ||| READING scroll of identify.
  2273 | D:3      | 2273 ||| IDENTIFYING cyan potion
  2274 | D:3      | 2274 ||| READING scroll labelled ZOEWUYG FOGESU.
  2279 | D:3      | 2279 ||| READING scroll labelled POIREFRAOC.
  2280 | D:3      | 2280 ||| DROPPING potion of magic.
  2314 | D:4      | HP: 5/29 [orc/+0 flail (5)]
  2315 | D:4      | 2315 ||| DRINKING potion of heal wounds.
  2318 | D:4      | Reached skill level 9 in Ranged Weapons
  2323 | D:4      | Reached skill level 1 in Armour
  2458 | D:4      | Noticed a phantom
  2459 | D:4      | 2459 ||| DRINKING potion of haste.
  2468 | D:4      | Killed a phantom
  2469 | D:4      | Reached XP level 6. HP: 36/36 MP: 8/8
  2571 | D:4      | HP: 9/36 [burnt (2)]
  2572 | D:4      | HP: 4/36 [burnt (5)]
  2573 | D:4      | Incinerated by a bombardier beetle

Levels and vault maps discovered:
D:1:      tarquinn_simple_flora_water_f, layout_loops_ring,
          shapermc_ecumenical_altar_mp_highgroup, st_stairs_11,
          amcnicky_mini_rare_corridor_liquid
D:2:      layout_loops_cross, basic_altar, nicolae_titane
D:3:      layout_basic, serial_shops, shop
D:4:      layout_gridville

Skill      XL: |  1  2  3  4  5 |
---------------+----------------+-----
Ranged Weapons | 6 7 8 9 |  9.6
Armour         | 1 |  1.0
Fighting       | 2 |  2.4
Dodging        | |  2.4
Stealth        | |  1.2

Action                     |  1- 3 |  4- 6 || total
---------------------------+-------+-------++-------
   Fire: Shortbow          |   125 |    91 ||   216
    Use: Scroll            |     7 |     3 ||    10
         Potion            |       |     2 ||     2
 Armour: Leather armour    |     8 |       ||     8
         Scale mail        |    32 |    44 ||    76
  Dodge: Dodged            |    32 |    35 ||    67

Table legend:
 A = Non-vault XP
 B = Vault XP
 C = Vault XP percentage of total XP
 D = Non-vault monster count
 E = Vault monster count
 F = Vault count percentage of total count
                 A         B        C        D         E       F
            +---------+---------+-------+---------+---------+-------
      Total |     530 |       4 |   0.7 |      74 |       3 |   3.9
            +---------+---------+-------+---------+---------+-------
        D:1 |      35 |       4 |  10.3 |      19 |       3 |  13.6
        D:2 |      52 |       0 |   0.0 |      20 |       0 |   0.0
        D:3 |     154 |       0 |   0.0 |      22 |       0 |   0.0
        D:4 |     289 |       0 |   0.0 |      13 |       0 |   0.0
            +---------+---------+-------+---------+---------+-------
